 Dungeon Crawl Stone Soup version 0.26-a0-639-g72c4674329 (webtiles) character file.

Game seed: 4009843113008315879

144 Alarkh the Insei (level 5, 41/41 HPs)
             Began as a Demonspawn Gladiator on Sept 17, 2020.
             Got out of the dungeon alive.
             The game lasted 00:02:18 (2453 turns).

Alarkh the Insei (Demonspawn Gladiator)             Turns: 2453, Time: 00:02:19

Health: 41/41      AC:  4    Str: 14    XL:     5   Next: 5%
Magic:  5/5        EV: 12    Int: 11    God:
Gold:   302        SH:  0    Dex: 14    Spells: 4/4 levels left

rFire    . . .     SeeInvis .     - Unarmed
rCold    . . .     Faith    .   (no shield)
rNeg     . . .     Spirit   .   a - +0 leather armour
rPois    .         Reflect  .   b - +0 helmet
rElec    .         Harm     .   (no cloak)
rCorr    .         Rampage  .   (no gloves)
MR       .....                  (no boots)
Stlth    +.........             (no amulet)
HPRegen  0.13/turn              (no ring)
MPRegen  0.09/turn              (no ring)

@: no status effects
A: demonic guardian 1, spiny 1
a: no special abilities


You escaped.
You visited 1 branch of the dungeon, and saw 5 of its levels.

You collected 302 gold pieces.

Inventory:

Missiles
 c - 4 throwing nets (quivered)
Armour
 a - a +0 leather armour (worn)
 b - a +0 helmet (worn)
 n - the +2 cloak "Jyelud Jefio" {Harm rPois MR- Stlth+}
   (You found it on level 5 of the Dungeon)

   It protects you from poison.
   It affects your resistance to hostile enchantments.
   It increases damage dealt and taken.
   It makes you more stealthy.
Scrolls
 d - 2 scrolls of enchant weapon {unknown}
 e - 3 scrolls of remove curse {unknown}
 g - 2 scrolls of amnesia {unknown}
 i - 2 scrolls of teleportation {unknown}
 k - 3 scrolls of identify {unknown}
 l - a scroll of random uselessness {unknown}
 m - a scroll of blinking {unknown}
Potions
 f - a potion of lignification {unknown}
 h - 5 potions of curing {unknown}
 j - a potion of brilliance {unknown}


   Skills:
 + Level 3.3 Fighting
 - Level 1.7 Throwing
 - Level 2.6 Dodging
 * Level 4.5 Unarmed Combat


You had 4 spell levels left.
You didn't know any spells.
Your spell library was empty.

Dungeon Overview and Level Annotations

Branches:
Dungeon (5/15)
 Temple: D:4-7

Altars:


Innate Abilities, Weirdness & Mutations

A weak demonic guardian rushes to your aid.
You are partially covered in sharp spines.


Message History

What level of the Dungeon? (default 1, ? - help)
There is a stone staircase leading up here.
You climb upwards.
There is a stone staircase leading down here.
You see here a stone.
You see here a stone.
You see here a stone.
There is a stone staircase leading up here.
You climb upwards.
There is a stone staircase leading down here.
HP restored.
There is a stone staircase leading up here.
You climb upwards.
There is a stone staircase leading down here.
Done exploring.
Done exploring.
You see here a cursed -3 club.
There is a staircase leading out of the dungeon here.
Are you sure you want to leave the Dungeon?
This will make you lose the game!
You have escaped!

#.##.......# ######### #......
#.########## ######)
#.########################## #...
#.#.#..#.....#..#.....#..#.# #...
#.#.#..#..#..#..#..#.......###...
#............................#...
#...#..#..#..#.....#..#..#.......
#.#..........#.....#..#..#.######
#.#....#..#.....@..#.....#.#
#.########################## #.#
###### #.# #....# ..# #....#
#######((..# .......(...#
########.### ######## #.#
############.......


There were no monsters in sight!

Vanquished Creatures
  A hound (D:5)
  A gnoll (D:1)
  4 adders
  An ooze (D:1)
  A worm (D:2)
  3 dart slugs (D:1)
  2 leopard geckos
  2 orcs
  4 bats
  3 giant cockroaches
  6 goblins
  9 hobgoblins
  4 frilled lizards
  6 kobolds
  7 rats
54 creatures vanquished.

Vanquished Creatures (others)
  4 toadstools (D:1)
4 creatures vanquished.

Grand Total: 58 creatures vanquished

Notes
Turn   | Place    | Note
-------+----------+-------------------------------------------
     0 | D:1      | Alarkh the Demonspawn Gladiator began the quest for the
                  | Orb.
     0 | D:1      | Reached XP level 1. HP: 16/16 MP: 1/1
    99 | D:1      | Reached skill level 3 in Unarmed Combat
   117 | D:1      | Gained mutation: You are partially covered in sharp spines.
                  | [demonic ancestry]
   117 | D:1      | Reached XP level 2. HP: 3/22 MP: 2/2
   669 | D:1      | Reached XP level 3. HP: 6/28 MP: 3/3
  1666 | D:2      | Reached skill level 4 in Unarmed Combat
  1666 | D:2      | Reached XP level 4. HP: 26/34 MP: 4/4
  2235 | D:3      | You fall into a shaft and drop 2 floors!
  2235 | D:5      | Entered Level 5 of the Dungeon
  2285 | D:5      | Got a distressingly furry cloak
  2297 | D:4      | Identified the +2 cloak "Jyelud Jefio" {Harm rPois MR-
                  | Stlth+} (You found it on level 5 of the Dungeon)
  2322 | D:4      | Gained mutation: A weak demonic guardian rushes to your
                  | aid. [demonic ancestry]
  2322 | D:4      | Reached XP level 5. HP: 34/41 MP: 5/5
  2453 | D:$      | Got out of the dungeon alive.

Illustrated notes

Levels and vault maps discovered:
D:1:      dpeg_arrival_ternary, layout_basic, minmay_gold_behind_fungi
D:2:      layout_basic, minmay_hexomino_u4
D:3:      layout_basic, grunt_temple_overflow_open, amethyst_killhole
D:4:      layout_rooms, minmay_temple_entry_sparse_star, st_stairs_6,
          corexii_item_surrounded_by_moat, minmay_tree_intersection
D:5:      layout_rooms, minmay_shop_grid_forest, minmay_misc_feat_rugged,
          grunt_dithmenos_smoke

Skill      XL: |  1  2  3  4 |
---------------+-------------+-----
Unarmed Combat | 3 4 |  4.5
Fighting       | 3 |  3.3
Throwing       | |  1.7
Dodging        | |  2.6

Action                   |  1- 3 |  4- 6 || total
-------------------------+-------+-------++-------
Melee: Unarmed           |   105 |    52 ||   157
       Punch             |     4 |     2 ||     6
  Use: Potion            |     1 |       ||     1
Armor: Leather armour    |    23 |    15 ||    38
Dodge: Dodged            |    51 |    26 ||    77

Table legend: (Time is in decaauts)
 A = Elapsed time spent in this place.
 B = Non-inter-level travel time spent in this place.
 C = Inter-level travel time spent in this place.
 D = Time resting spent in this place.
 E = Time spent auto-exploring this place.
 F = Levels seen in this place.
 G = Mean time per level.
                   A        B        C        D        E       F      G
               +--------+--------+--------+--------+--------+-----+--------+
         Total |   2427 |   2261 |    166 |    497 |   1416 |   5 |  485.4 |
       Dungeon |   2427 |   2261 |    166 |    497 |   1416 |   5 |  485.4 |
               +--------+--------+--------+--------+--------+-----+--------+

Top non-repeatable levels by time:
     D:1: 1561 daAuts
     D:2: 657 daAuts
     D:3: 92 daAuts
     D:4: 61 daAuts
     D:5: 55 daAuts
